[Event "*** SCC Grand Prix: Titled Tuesday Blitz"]
[Site "Chess.com"]
[Date "2020.10.13"]
[Round "9"]
[White "pastouche06"]
[Black "Chessalary"]
[Result "1-0"]
[WhiteElo "2474"]
[BlackElo "2298"]
[TimeControl "180+1"]
[EndTime "11:45:38 PDT"]
[Termination "pastouche06 won on time"]

1. d4 Nf6 2. c4 e6 3. Nc3 Bb4 4. e3 O-O 5. Ne2 Bxc3+ 6. Nxc3 d5 7. Bd3 Nbd7 8. cxd5 exd5 9. O-O b6 10. Bd2 Bb7 11. b4 Re8 12. f3 Rc8 13. b5 Nf8 14. a4 c6 15. bxc6 Bxc6 16. a5 N8d7 17. axb6 axb6 18.
Nb5 Ra8 19. Qb3 Qb8 20. Rxa8 Bxa8 21. Qb4 Bc6 22. Ra1 Nf8 23. Bf5 g6 24. Bd3 Kg7 25. Qb2 Ne6 26. Be1 Nc7 27. Bg3 Bxb5 28. Bxb5 Re7 29. Rc1 Qd8 30. Bd3 Nce8 31. Bf2 Nd6 32.
Qb4 Rc7 33. Rb1 b5 34. Bg3 Rd7 35. Bxb5 Nxb5 36. Qxb5 Re7 37. Be5 Re6 38. Rc1 Kh6 39.
Rc6 Qe7 40. Rxe6 Qxe6 41. Bxf6 Qxf6 42. Qxd5 Qb6 43. Qe4 Qb4 44. h3 Qe1+ 45. Kh2 Qd2 46. d5 Kg7 47. Qe5+ Kg8 48. d6 h5 49. h4 Kh7 50. Qe7 Kg7 51. d7 1-0

[Event "*** SCC Grand Prix: Titled Tuesday Blitz"]
[Site "Chess.com"]
[Date "2020.10.13"]
[Round "9"]
[White "Supernotar"]
[Black "amintabatabaei"]
[Result "1/2-1/2"]
[WhiteElo "2848"]
[BlackElo "2916"]
[TimeControl "180+1"]
[EndTime "11:45:43 PDT"]
[Termination "Game drawn by repetition"]

1. d4 Nf6 2. c4 e6 3. Nf3 d5 4. e3 b6 5. Nbd2 Bb7 6. Bd3 Nbd7 7. O-O Bd6 8. b3 O-O 9. Bb2 Qe7 10. Qe2 a5 11. e4 dxe4 12. Nxe4 Nxe4 13. Bxe4 Bxe4 14. Qxe4 a4 15. Rad1 axb3 16. axb3 Ra2 17.
Qb1 Rfa8 18. Rfe1 Bb4 19. Re2 Bc3 20. Rc2 Rxb2 21. Rxb2 Bxb2 22. Qxb2 Qb4 23. g3 h6 24. Qc2 Ra3 25. Rd3 Ra1+ 26. Rd1 Rxd1+ 27. Qxd1 Qc3 28. Kg2 Nf6 29. Qb1 g5 30. h3 Kg7 31. Qd1 Ne4 32. Qe2 f5 33. Qa2 g4 34. hxg4 fxg4 35. Ne5 Qxd4 36. Nxg4 Nd2 37. Ne3 Qe4+ 38. Kg1 Nf3+ 39. Kf1 Nd4 40. Kg1 Kg6 41. Qa4 c6 42. Qa8 Nf3+ 43. Kf1 Nh2+ 44. Kg1 Nf3+ 45. Kf1 Kg7 46. Qb7+ Kf6 47. Qxb6 Nh2+ 48. Kg1 Nf3+ 49. Kf1 Nd4 50.
Qd8+ Kf7 51. Qd7+ Kf8 52. Qd8+ Kf7 53. Qd7+ Kf6 54. Qd8+ Kg7 55. Qe7+ Kg6 56. Qe8+ Kg7 57. Qe7+ Kg6 58. Qe8+ Kf6 59. Qd8+ 1/2-1/2

[Event "*** SCC Grand Prix: Titled Tuesday Blitz"]
[Site "Chess.com"]
[Date "2020.10.13"]
[Round "9"]
[White "northridgehawk"]
[Black "MF1966Idrisov"]
[Result "1-0"]
[WhiteElo "2240"]
[BlackElo "2329"]
[TimeControl "180+1"]
[EndTime "11:45:43 PDT"]
[Termination "northridgehawk won on time"]

1. e4 c6 2. d4 d6 3. e5 dxe5 4. dxe5 Qxd1+ 5. Kxd1 Bf5 6. f4 h5 7. Be3 e6 8. Nd2 Nd7 9. Ne2 Bc5 10. Nd4 Bg4+ 11.
Be2 O-O-O 12. h3 Bxe2+ 13. Kxe2 h4 14. c3 Nh6 15. Ne4 Be7 16. a4 Nb6 17. b3 Nd5 18. Bd2 Nf5 19. Nxf5 exf5 20. Nf2 f6 21. Nd3 Rhg8 22.
Rhf1 Rd7 23. a5 Rgd8 24. Rf3 g5 25. fxg5 fxg5 26. Rd1 g4 27. Rxf5 gxh3 28. gxh3 Rg8 29. c4 Nc7 30. Be3 Rg3 31. Rf3 Rg2+ 32. Nf2 Rxd1 33.
Kxd1 Kd7 34. Ke2 a6 35. Kd3 Ne6 36. Ke4 Ke8 37. Kf5 Kf7 38. Ng4 Ng7+ 39. Ke4+ Ke6 40. Bf2 Nh5 41. Ne3 Ng3+ 42. Kf4 Rh2 43. Bxg3 hxg3 44.
Rxg3 Rb2 45. Nf5 Bc5 46. Rg6+ Kf7 47. Rf6+ Ke8 48. Ng7+ Ke7 49. Ne6 Bb4 50. Ng5 Rxb3 51.
Rf7+ Ke8 52. Rxb7 Bd2+ 53. Kf5 Rxb7 54. Ne4 Bc1 55. Nd6+ Kd7 56. Nxb7 Bd2 57. Nc5+ Kc7 58. Nxa6+ Kb7 59. Nc5+ Kc8 60. a6 Kc7 61. Ke6 Kb6 62. Kd6 Bb4 63. e6 Bxc5+ 64. Kd7 Bb4 65. h4 Kxa6 66. h5 Kb6 67. h6 Bc3 68. h7 Bf6 69. e7 1-0

[Event "*** SCC Grand Prix: Titled Tuesday Blitz"]
[Site "Chess.com"]
[Date "2020.10.13"]
[Round "9"]
[White "Ave_Mariia"]
[Black "vovachesss"]
[Result "1-0"]
[WhiteElo "2527"]
[BlackElo "2670"]
[TimeControl "180+1"]
[EndTime "11:45:44 PDT"]
[Termination "Ave_Mariia won on time"]

1. d4 e5 2. dxe5 d6 3. exd6 Nf6 4. Nf3 Bxd6 5. g3 O-O 6. Bg2 Qe7 7. O-O Rd8 8. Bd2 Nc6 9. c3 Bf5 10. Qb3 Rab8 11.
Bg5 Qxe2 12. Bxf6 gxf6 13. Nbd2 Ne5 14. Nd4 Qg4 15. Nxf5 Qxf5 16. Rae1 Bc5 17. Ne4 Bb6 18. c4 Rd3 19. Qc2 Rbd8 20. c5 Ba5 21. Re2 Nf3+ 22.
Bxf3 Qxf3 23. a3 f5 24. Nf6+ Kg7 25. Ne8+ Kf8 26. b4 Rxe8 27. Rxe8+ Kxe8 28. Re1+ Kf8 29. bxa5 Qd5 30. Qb2 Qd4 31. Qxb7 Rd2 32. Qc8+ Kg7 33. Qxf5 h6 34. Re7 Rd1+ 35. Kg2 Qd5+ 36. Qxd5 Rxd5 37. Rxc7 a6 38. Kf3 Rd3+ 39. Ke4 Rxa3 40. Kd5 Rxa5 41. Kd6 Ra2 42. Ra7 Rd2+ 43. Kc7 Rxf2 44. c6 Rxh2 45. Kb8 Rb2+ 46. Rb7 Rc2 47. c7 Kg6 48. c8=Q Rxc8+ 49. Kxc8 h5 50. Rb6+ Kg5 51. Rxa6 Kg4 52. Ra3 f5 53. Kd7 f4 54. gxf4 Kxf4 55. Ke6 h4 56. Ra4+ Kg3 57.
Kf5 h3 58. Ra3+ Kg2 59. Kg4 h2 60. Ra2+ Kg1 61. Kg3 h1=N+ 62. Kf3 1-0

[Event "*** SCC Grand Prix: Titled Tuesday Blitz"]
[Site "Chess.com"]
[Date "2020.10.13"]
[Round "9"]
[White "MrChampion_Coach"]
[Black "sergeikim"]
[Result "1-0"]
[WhiteElo "2377"]
[BlackElo "2497"]
[TimeControl "180+1"]
[EndTime "11:45:45 PDT"]
[Termination "MrChampion_Coach won by resignation"]

1. d4 Nf6 2. c4 g6 3. Nc3 Bg7 4. e4 d6 5. Be2 O-O 6. Bg5 Nbd7 7. Qd2 e5 8. d5 Nc5 9. Bf3 a5 10. h4 h5 11. O-O-O a4 12. Kb1 c6 13. dxc6 bxc6 14. Qxd6 Qxd6 15. Rxd6 Ng4 16. Bxg4 Bxg4 17. Rxc6 Nd3 18.
f3 Be6 19. Nge2 Rfb8 20. Bc1 Nxb2 21. Bxb2 a3 22. Nb5 axb2 23. Nec3 Bf8 24. Rd1 Bb4 25. Nd5 Bf8 26. Ndc7 Rc8 27. Rb6 Bc5 28. Rxe6 fxe6 29.
Nxe6 Bd4 30. Nbxd4 exd4 31. c5 Ra4 32. f4 d3 33. Ng5 Rxc5 34. Rxd3 Rb4 35. Rd8+ Kg7 36. Rd7+ Kh8 37. Rd8+ Kg7 38. Ne6+ Kf6 39. Nxc5 Rc4 40. Nd3 Rxe4 41. Kxb2 Re3 42. Ne5 Re4 43.
Rf8+ Kg7 44. Rf7+ Kg8 45. Rf6 Kh7 46. g3 Re3 47. Rxg6 Re2+ 48. Kb3 Re3+ 49. Kb4 Re4+ 50.
Kb5 Re3 51. a4 Rb3+ 52. Ka6 Rb4 53. a5 Rb3 54. Rg5 Kh6 55. Nf7+ Kh7 56. Nd6 Kh6 57. Ne8 Rb4 58. Nf6 Rc4 59. Ka7 Rb4 60. Nxh5 Rb3 61. f5 Rb5 62. a6 Rb7+ 63. axb7 1-0

[Event "*** SCC Grand Prix: Titled Tuesday Blitz"]
[Site "Chess.com"]
[Date "2020.10.13"]
[Round "9"]
[White "simplerXiao"]
[Black "novocane"]
[Result "1-0"]
[WhiteElo "2432"]
[BlackElo "2281"]
[TimeControl "180+1"]
[EndTime "11:45:45 PDT"]
[Termination "simplerXiao won on time"]

1. e4 c5 2. Nf3 Nc6 3. d4 cxd4 4. Nxd4 e5 5. Nb5 d6 6. N1c3 a6 7. Na3 Be7 8. Nd5 Nf6 9. Bd3 Nxd5 10. exd5 Qa5+ 11. Bd2 Qxd5 12. O-O Qe6 13. Nc4 d5 14. Nb6 Rb8 15. c4 d4 16. Be4 O-O 17. f4 exf4 18. Bd5 Qg6 19. Bxf4 Bd6 20. Bxc6 Bxf4 21. Rxf4 Qxc6 22.
Qxd4 Be6 23. Nd5 Bxd5 24. cxd5 Qd6 25. Rd1 Rbd8 26. Rf5 Rd7 27. Qe4 Rfd8 28. Re5 g6 29. h4 h5 30. Rd2 Qb6+ 31. Kh2 Qd6 32. g3 Kg7 33. Kg2 Rc7 34. b3 Rcd7 35. Qd4 Kg8 36. Rde2 Qf8 37. Qe4 Qg7 38. Re8+ Kh7 39. Rxd8 Rxd8 40.
Rd2 Qf8 41. Qe5 Qd6 42. Qxd6 Rxd6 43. Kf3 Kg7 44. Ke4 Kf6 45. Rf2+ Ke7 46. Ke5 f6+ 47. Kd4 b6 48. b4 Kd7 49. a4 a5 50. bxa5 bxa5 51. Kc5 Kc7 52. Re2 Rd8 53. Re7+ Kb8 54. Rf7 Rc8+ 55. Kb6 Rd8 56. Kc6 Rc8+ 57. Kd6 Rd8+ 58.
Ke6 f5 59. d6 Rc8 60. d7 Rd8 61. Kd6 Kb7 62. Re7 Kb8 63. Re8 1-0

[Event "*** SCC Grand Prix: Titled Tuesday Blitz"]
[Site "Chess.com"]
[Date "2020.10.13"]
[Round "9"]
[White "PotapovaM"]
[Black "Ladislav1969"]
[Result "1-0"]
[WhiteElo "2530"]
[BlackElo "2369"]
[TimeControl "180+1"]
[EndTime "11:45:46 PDT"]
[Termination "PotapovaM won on time"]

1. e4 c5 2. Nf3 e6 3. b3 Nc6 4. Bb2 d6 5. Bb5 Bd7 6. O-O Nf6 7. Re1 Be7 8. Bxc6 Bxc6 9. e5 dxe5 10. Nxe5 Qd5 11.
Nxc6 Qxc6 12. d3 O-O 13. Nd2 b5 14. Qe2 Rfd8 15. Nf3 Qc7 16. Be5 Bd6 17. Bxf6 gxf6 18. Rad1 Bf4 19. g3 Bh6 20. Qe4 f5 21. Qh4 Bg7 22. Ng5 h6 23. Nh3 Rd4 24. Qh5 Rg4 25. f3 Rg6 26. Kh1 Be5 27. Re2 Kh7 28. Rde1 Bd6 29.
f4 c4 30. Qf3 Rc8 31. dxc4 bxc4 32. Rd1 cxb3 33. axb3 Bc5 34. Red2 Qc6 35. Qxc6 Rxc6 36. Rd7 Kg7 37. Rb7 Kf6 38. Rdd7 Rg7 39. c4 Rb6 40. Rxb6 axb6 41. Ng1 Rg8 42. Nf3 Ra8 43. Ne5 Ra1+ 44. Kg2 Be7 45. Rb7 Ra6 46. Rxb6 Rxb6 47. Nd7+ Kg7 48.
Nxb6 Kf8 49. Nd7+ Ke8 50. Ne5 f6 51. Nd3 Kd7 52. Kf3 Kc6 53. b4 Bd6 54. b5+ Kb6 55.
g4 fxg4+ 56. Kxg4 1-0

[Event "*** SCC Grand Prix: Titled Tuesday Blitz"]
[Site "Chess.com"]
[Date "2020.10.13"]
[Round "9"]
[White "canary2016"]
[Black "DonBroca"]
[Result "0-1"]
[WhiteElo "1952"]
[BlackElo "2207"]
[TimeControl "180+1"]
[EndTime "11:45:52 PDT"]
[Termination "DonBroca won on time"]

1. Nf3 g6 2. g3 Bg7 3. Bg2 Nf6 4. O-O O-O 5. d4 d6 6. c4 Nbd7 7. Nc3 e5 8. e4 Re8 9. h3 c6 10.
Re1 Qc7 11. Be3 h6 12. Rc1 Kh7 13. a3 a5 14. b4 b6 15. Qd2 Ba6 16. b5 Bb7 17. a4 c5 18. d5 Nf8 19. Qc2 g5 20.
Ne2 Ng6 21. Bd2 Nh5 22. Bc3 Bc8 23. g4 Nhf4 24. Nxf4 Nxf4 25. Bd2 Rg8 26. Be3 Bf6 27. Nd2 Bd7 28. Nf1 Rg6 29. Ng3 Rag8 30. Red1 Qc8 31. Re1 Be7 32. Qd1 f6 33. f3 R6g7 34. Qc2 Be8 35.
Qd2 Bg6 36. Qc2 Qe8 37. Qd2 h5 38. Bxf4 gxf4 39. Nf5 Bxf5 40. exf5 Rh8 41. Kf2 Kg8 42. Rh1 Rgh7 43. Rcg1 hxg4 44. hxg4 Qf7 45. Ke2 Rh2 46. Qe1 Qh7 47. Qf1 Qg7 48. Rxh2 Rxh2 49. Rh1 Qh6 50.
Rxh2 Qxh2 51. Qh1 Qg3 52. Qf1 Bf8 53. Qh1 Bg7 54. Qh3 Bh6 55. Qxg3 fxg3 56. Bf1 Kg7 57. Bg2 Bc1 58. Bf1 Kh6 59. Bg2 Kg5 60.
Bf1 Kf4 61. Bg2 Bb2 62. Bf1 e4 63. fxe4 Kxe4 64. Bg2+ Kd4 65. Kf3 Kxc4 66. Kxg3 Kb4 67. Kf4 Bc1+ 68. Ke4 Kxa4 69. Bf3 Kb3 70. Be2 Kb4 71. Bd3 a4 72. Bc2 Kxb5 0-1

[Event "*** SCC Grand Prix: Titled Tuesday Blitz"]
[Site "Chess.com"]
[Date "2020.10.13"]
[Round "9"]
[White "Inga83"]
[Black "Gusarov91"]
[Result "0-1"]
[WhiteElo "2401"]
[BlackElo "2570"]
[TimeControl "180+1"]
[EndTime "11:45:53 PDT"]
[Termination "Gusarov91 won by resignation"]

1. d4 g6 2. c4 Bg7 3. Nc3 c5 4.
d5 d6 5. Qc2 Nf6 6. e4 O-O 7. Be2 e6 8. Nf3 exd5 9. cxd5 Bg4 10. O-O Bxf3 11. Bxf3 Nbd7 12. Be2 a6 13. a4 Re8 14. h3 Qc7 15. Bf4 Rad8 16. Rfe1 c4 17. Rac1 Nc5 18. Bxc4 Qa5 19. Bd2 Qb6 20. Rb1 Rc8 21.
b4 Ncd7 22. Bf1 Nh5 23. Qb3 Bd4 24. Nd1 Ne5 25. Ne3 Nf6 26. f3 Nh5 27. Kh2 f5 28. exf5 Nxf3+ 29. gxf3 Nf4 30. Bg2 Be5 31. Kh1 Nxg2 32.
Kxg2 Qd4 33. Rbd1 Qh4 34. Nf1 gxf5 35. f4 Bg7 36. Qg3 Qh5 37. Rxe8+ Rxe8 38. Re1 Re2+ 39. Rxe2 Qxe2+ 40. Kh1 Qxf1+ 41. Qg1 Qxh3+ 42. Qh2 Qd3 43. Qg2 Kf7 44. Kh2 Bf6 45. Qf2 Qxd5 46. Be3 Qb3 47. Bd4 Be7 48. Qg2 Qxb4 49. Qd5+ Ke8 50. Qg8+ Kd7 51.
Qd5 Qd2+ 52. Kh3 Qxf4 53. Qxb7+ Ke6 54. Qc8+ Kf7 55. Qh8 Qg4+ 56. Kh2 Qg8 57. Qxg8+ Kxg8 58. Kg3 Kf7 59. Kf4 Ke6 60. Bg1 Bf6 61. Bh2 h5 62.
Kf3 Be5 63. Bg1 h4 64. Kg2 Kf6 65. Kh3 Kg5 66. Bf2 Bg3 67. Bb6 d5 68. Bd8+ Kf4 69. Bc7+ Ke3 70. Bb6+ Ke2 0-1

[Event "*** SCC Grand Prix: Titled Tuesday Blitz"]
[Site "Chess.com"]
[Date "2020.10.13"]
[Round "9"]
[White "OlympusMons95"]
[Black "Zhigalko_Sergei"]
[Result "1/2-1/2"]
[WhiteElo "2723"]
[BlackElo "2913"]
[TimeControl "180+1"]
[EndTime "11:45:56 PDT"]
[Termination "Game drawn by repetition"]

1. d4 Nf6 2. c4 e6 3. Nc3 Bb4 4.
e3 O-O 5. Ne2 d5 6. a3 Be7 7. cxd5 exd5 8. Nf4 c6 9. Bd3 Re8 10.
O-O Nbd7 11. f3 Nf8 12. Bc2 Ne6 13. Nxe6 Bxe6 14. e4 dxe4 15. fxe4 Bg4 16. Qd3 Bh5 17. Bg5 c5 18. d5 Nd7 19. Bf4 Bf6 20. Ba4 a6 21.
Rae1 b5 22. Bc2 Ne5 23. Qg3 Bh4 24. Qe3 Rc8 25. Bg3 Bg5 26. Bf4 Bh4 27. Bg3 Bf6 28. h3 Nf3+ 29. gxf3 Bd4 30. Kg2 Bxe3 31. Rxe3 b4 32.
Ne2 Qb6 33. Ba4 c4 34. Bf2 Red8 35. Ng3 Bg6 36. Rb3 Qa5 37. Rxb4 c3 38. Bb6 Qxb4 39. axb4 cxb2 40. Rb1 Rd6 41. Bc5 Rxd5 42. Rxb2 Rd3 43. Bb3 a5 44. Bd5 h6 45. Kf2 Ra3 46. Ne2 Bh5 47.
Nd4 axb4 48. Rxb4 Rd3 49. Rc4 Rxc5 50. Rxc5 Rxd4 51. Ke3 Ra4 52. Rc8+ Kh7 53. Rc3 Rb4 54. f4 Bg6 55. f5 Bh5 56. Kf4 f6 57. Rg3 Ra4 58. Rc3 Ra1 59. Rc8 Rf1+ 60. Ke3 Re1+ 61. Kf2 Re2+ 62. Kf1 g5 63. fxg6+ Kxg6 64. Rg8+ Kh7 65.
Rf8 Kg7 66. Rg8+ Kh7 67. Rf8 Kg7 68. Rg8+ Kh7 1/2-1/2

[Event "*** SCC Grand Prix: Titled Tuesday Blitz"]
[Site "Chess.com"]
[Date "2020.10.13"]
[Round "9"]
[White "Semen16"]
[Black "Fy_Rakotomaharo"]
[Result "1-0"]
[WhiteElo "2494"]
[BlackElo "2640"]
[TimeControl "180+1"]
[EndTime "11:45:56 PDT"]
[Termination "Semen16 won by checkmate"]

1. e4 e5 2. Nf3 Nc6 3. Bc4 Bc5 4. c3 Nf6 5. d4 exd4 6. O-O d6 7. cxd4 Bb6 8. Nc3 h6 9. Be3 O-O 10. h3 Nxe4 11. Nxe4 d5 12. Bd3 dxe4 13. Bxe4 Re8 14. Bc2 Ne7 15. Rc1 Bf5 16. Ne5 Bxc2 17. Rxc2 Qd5 18. Qg4 Qe6 19. Qf3 Nd5 20. Re1 Rad8 21. Rcc1 Qf6 22. Qg3 c6 23. h4 Bc7 24. f4 Nxe3 25.
Rxe3 h5 26. Re4 Qf5 27. Rce1 Re6 28. Qb3 Bb6 29. Kh2 Rxd4 30. Rxd4 Bxd4 31. Qg3 Bxe5 32. fxe5 Rg6 33. Qe3 Qg4 34. Qf2 Re6 35. g3 g6 36.
Qc5 b6 37. Qc3 Kg7 38. Rf1 Qe4 39. Qd2 Qxe5 40. Rf2 Qe3 41. Qc2 c5 42. a3 Qe5 43. b4 cxb4 44. axb4 a5 45. Qc4 axb4 46. Qxb4 Qc5 47. Qf4 Re7 48. Qf6+ Kg8 49. Rd2 Qe5 50. Rd8+ Re8 51. Qxe5 Rxd8 52. Qc7 Rd2+ 53. Kh3 Rb2 54. Qc3 Rb5 55. Qc4 Rf5 56. Qc8+ Kg7 57. Qc3+ Rf6 58. Qc4 Re6 59. Qd4+ Kg8 60. Kg2 Kf8 61. Kf3 Kg8 62. Kf4 Kf8 63. Kg5 Ke7 64. Qb4+ Kd7 65. Qb5+ Ke7 66.
Qd5 Ke8 67. Kh6 Ke7 68. Kg7 Ke8 69. Qb7 Re7 70. Qc8# 1-0

[Event "*** SCC Grand Prix: Titled Tuesday Blitz"]
[Site "Chess.com"]
[Date "2020.10.13"]
[Round "9"]
[White "GelmanAlexander"]
[Black "vugarrasulov"]
[Result "0-1"]
[WhiteElo "2597"]
[BlackElo "2850"]
[TimeControl "180+1"]
[EndTime "11:45:57 PDT"]
[Termination "vugarrasulov won on time"]

1. d4 c5 2. d5 d6 3. Nc3 g6 4. e4 Bg7 5. Nf3 a6 6. a4 Bg4 7.
h3 Bxf3 8. Qxf3 Nf6 9. Be2 O-O 10.
O-O Nbd7 11. Qg3 Qa5 12. Bd2 Qb4 13. Qe3 Qb6 14. a5 Qc7 15. Kh1 c4 16. Ra4 b5 17.
axb6 Nxb6 18. Ra2 Nfd7 19. f4 a5 20. Rfa1 Rfb8 21. Bf3 a4 22. Ne2 c3 23. Bxc3 Nc4 24. Qc1 Bxc3 25. Nxc3 Nxb2 26. Nxa4 Nxa4 27. Rxa4 Rxa4 28.
Rxa4 Qc3 29. Ra3 Qc5 30. c4 Rc8 31. Ra4 Nb6 32. Ra6 Nxc4 33. e5 dxe5 34. Rc6 Rxc6 35. dxc6 exf4 36. Be2 Qxc6 37. Qxc4 Qd6 38. Qe4 e5 39. Bc4 Kg7 40. Qd5 Qe7 41. Kg1 f5 42.
Kh2 Kh6 43. Qf3 Qg5 44. Bd5 e4 45. Qf2 e3 46. Qf3 Kg7 47. Bc4 Qh4 48. Be2 Kh6 49. Bd1 Kg5 50. Be2 Qe1 51. Bd1 h5 52. Be2 h4 53.
Bd1 Qd2 54. Be2 Qd6 55. Bd1 Kf6 56. Be2 g5 57. Bd1 Ke5 58. Be2 Kd4 59. Qf1 f3+ 60. Kh1 fxe2 61. Qxe2 Qb4 62. Qh5 Qe1+ 63. Kh2 Qg3+ 64. Kh1 Qe5 65. Qxg5 e2 66. Qxh4+ Kd3 67. Qe1 Qc3 68. Qg3+ Kc2 0-1

[Event "*** SCC Grand Prix: Titled Tuesday Blitz"]
[Site "Chess.com"]
[Date "2020.10.13"]
[Round "9"]
[White "1977Ivan"]
[Black "rpragchess"]
[Result "0-1"]
[WhiteElo "2687"]
[BlackElo "2897"]
[TimeControl "180+1"]
[EndTime "11:45:58 PDT"]
[Termination "rpragchess won on time"]

1. c4 e5 2. Nc3 Bb4 3. Nd5 Be7 4. d4 exd4 5. Qxd4 Nf6 6. Nxe7 Qxe7 7. Bg5 Nc6 8. Qc3 Ne5 9. Nf3 d6 10. e3 h6 11. Bh4 g5 12. Nxe5 Ne4 13. Qd4 Qxe5 14. Qxe5+ dxe5 15. Bg3 Nxg3 16. hxg3 Be6 17. O-O-O Ke7 18.
Be2 c6 19. Kc2 Rad8 20. Rxd8 Kxd8 21. Kc3 a5 22. b3 Ke7 23. a3 Kf6 24. b4 axb4+ 25.
axb4 Ra8 26. Rxh6+ Kg7 27. Rh1 Ra2 28. Re1 Bf5 29.
g4 Bg6 30. f3 Ra3+ 31. Kd2 e4 32. Rc1 Rb3 33. b5 Rb2+ 34. Ke1 Kf8 35. Rd1 Ke7 36. Rd2 Rb1+ 37. Kf2 f6 38. Rd4 Rb2 39. f4 c5 40.
Rd1 Bf7 41. Rc1 Kd6 42. g3 Be6 43. Ke1 Kc7 44. Rc3 Kb6 45. Kd1 Ka5 46. Ra3+ Kb4 47. Ra7 Kc3 48. Ke1 Bxc4 49. Bxc4 Kxc4 50. fxg5 fxg5 51.
Rxb7 Kd3 52. Rg7 Kxe3 53. Kd1 c4 54. Rxg5 c3 55. Rc5 Kd4 56. Rc8 e3 57. Rd8+ Kc4 58.
g5 e2+ 59. Ke1 Kxb5 60. Rc8 c2 61. Kd2 Rb1 62. Kxe2 c1=Q 63. Rxc1 Rxc1 64. Ke3 Rc4 0-1

[Event "*** SCC Grand Prix: Titled Tuesday Blitz"]
[Site "Chess.com"]
[Date "2020.10.13"]
[Round "9"]
[White "crescentmoon2411"]
[Black "LionTheLeon_06"]
[Result "1/2-1/2"]
[WhiteElo "2802"]
[BlackElo "2644"]
[TimeControl "180+1"]
[EndTime "11:45:58 PDT"]
[Termination "Game drawn by repetition"]

1. e4 c5 2. Nf3 d6 3. c3 Nf6 4. Bd3 g6 5. O-O Bg7 6. Re1 O-O 7.
h3 Nc6 8. Bc2 e5 9. d3 h6 10.
Nbd2 Be6 11. Nc4 b5 12. Ne3 a6 13. Bb3 Qd7 14. a4 Na5 15. Bxe6 Qxe6 16. axb5 axb5 17. Nd2 Kh7 18. Qc2 Rfc8 19. Ndf1 d5 20. exd5 Nxd5 21. Nxd5 Qxd5 22. Ne3 Qb3 23. Ra3 Qe6 24. Bd2 b4 25.
Raa1 Qd7 26. Ng4 b3 27. Qb1 Qd6 28. Ne3 c4 29. d4 exd4 30. cxd4 Qd8 31. Bc3 Nc6 32.
Rxa8 Rxa8 33. Nxc4 Nxd4 34. Qd3 Nc6 35. Qxd8 Rxd8 36. Bxg7 Kxg7 37. Re3 Nd4 38. Na5 Ra8 39. Nxb3 Ra1+ 40. Kh2 Nxb3 41. Rxb3 Rc1 42. Kg3 Rc2 43. Rb8 h5 44. h4 Kf6 45. b4 Ke6 46. b5 Rb2 47. b6 Rb3+ 48. f3 Kf6 49. Kf2 Rb2+ 50. Kg3 Rb3 51. b7 Rb2 52. Kf4 Rb4+ 53.
Ke3 Rb3+ 54. Kd4 Rb2 55. g4 hxg4 56. fxg4 Kg7 57. Kc5 Rb1 58. Kd6 Rd1+ 59. Ke5 Re1+ 60. Kf4 Rb1 61. h5 gxh5 62. gxh5 f5 63. Kg5 Kh7 64.
Kxf5 Rb5+ 65. Ke6 Rb1 66. Kd6 Rd1+ 67. Kc6 Rc1+ 68. Kd6 Rd1+ 69. Kc6 Rc1+ 70. Kd6 Rd1+ 1/2-1/2

[Event "*** SCC Grand Prix: Titled Tuesday Blitz"]
[Site "Chess.com"]
[Date "2020.10.13"]
[Round "9"]
[White "Harsha_Bharathakoti"]
[Black "Oleksandr_Bortnyk"]
[Result "0-1"]
[WhiteElo "2769"]
[BlackElo "2896"]
[TimeControl "180+1"]
[EndTime "11:45:59 PDT"]
[Termination "Oleksandr_Bortnyk won on time"]

1. d4 d6 2. e4 Nf6 3. Nc3 e5 4.
Nf3 exd4 5. Nxd4 Be7 6. Bf4 O-O 7. Qd2 a6 8. O-O-O b5 9. f3 b4 10. Nd5 Nxd5 11. exd5 a5 12. h4 Bf6 13. g4 a4 14.
Qxb4 a3 15. b3 Na6 16. Qd2 Nc5 17. g5 Bxd4 18. Qxd4 Bf5 19. h5 f6 20. h6 g6 21. Bc4 Rf7 22. gxf6 Qxf6 23. Be3 Nd7 24. Rde1 Ne5 25. f4 Nxc4 26. Qxf6 Rxf6 27. bxc4 Rff8 28. Bd4 Kf7 29. Kd2 Rab8 30. Re3 Rfe8 31. Rhe1 Rxe3 32. Rxe3 Rb4 33. Rxa3 Rxc4 34. c3 Be4 35. Ra5 g5 36. fxg5 Kg6 37. Ke3 Bh1 38. Kf4 Bg2 39. Ra8 Bxd5 40.
Rf8 c5 41. Rf6+ Kh5 42. Rxd6 cxd4 43. cxd4 Bf7 44. Ke5 Ra4 45. Rd7 Bg6 46. d5 Kxg5 47. d6 Ra5+ 48. Kd4 Kf6 49. Re7 Rxa2 50. Re1 Rd2+ 51.
Kc5 Bf5 52. Kc6 Rc2+ 53. Kd5 Rh2 54. Kc6 Rc2+ 55. Kd5 Kg5 56. Rf1 Bg4 57. Rg1 Kf4 58.
Rf1+ Kg5 59. Rg1 Kh5 60. Rh1+ Kg6 61. Rg1 Rd2+ 62. Kc6 Kg5 63. Kc7 Kf4 64. Rf1+ Ke5 65. Re1+ Kf6 66. Rf1+ Bf5 67. Kc6 Kg6 68. Kc7 Be6 0-1

[Event "*** SCC Grand Prix: Titled Tuesday Blitz"]
[Site "Chess.com"]
[Date "2020.10.13"]
[Round "9"]
[White "nrvisakh"]
[Black "shrek4life02"]
[Result "1-0"]
[WhiteElo "2793"]
[BlackElo "2585"]
[TimeControl "180+1"]
[EndTime "11:46:00 PDT"]
[Termination "nrvisakh won on time"]

1. e4 c6 2. d4 d5 3. exd5 cxd5 4. Bd3 Nf6 5. c3 Nc6 6. Bf4 e6 7. Nf3 Bd6 8. Bxd6 Qxd6 9. O-O Ne4 10. Re1 f5 11. Qe2 O-O 12. Nbd2 Bd7 13. Nf1 Be8 14.
N3d2 Rf6 15. f3 Bh5 16. Nb3 Qf4 17. Qe3 Qxe3+ 18. Rxe3 f4 19. Re2 Nd6 20. Nc5 Re8 21.
Rae1 Bf7 22. Nd2 b6 23. Nd7 Rh6 24. Ne5 Nxe5 25. Rxe5 Rc8 26. a4 Rf6 27. Ra1 a5 28.
Ree1 Be8 29. Ra3 Bd7 30. b4 Ra8 31. bxa5 Rxa5 32. Rea1 Rf8 33. Nb3 Ra7 34. a5 Rfa8 35. a6 Bc8 36. Bf1 Nc4 37. Bxc4 dxc4 38. Nd2 b5 39.
Rb1 Rxa6 40. Rxa6 Bxa6 41. Ne4 Bb7 42. Nc5 Bc6 43. Nxe6 Ra3 44. Rc1 b4 45. cxb4 c3 46. Nxf4 Ba4 47. Ne2 c2 48. Kf2 Rb3 49. Rxc2 Rxb4 50. Rc8+ Kf7 51. Rc7+ Kf6 52. g4 Rb2 53. Ke3 Rb3+ 54. Nc3 Be8 55. Kf4 Ra3 56. Ne4+ Ke6 57. Rxg7 Bg6 58. h4 Ra4 59. h5 Be8 60. Rxh7 Rxd4 61.
Rh6+ Kf7 62. Rb6 Ba4 63. Rb7+ Ke6 64. Rb6+ Kd5 65. h6 Rd3 66. Rd6+ Kc4 67. Rxd3 Kxd3 68.
h7 1-0

[Event "*** SCC Grand Prix: Titled Tuesday Blitz"]
[Site "Chess.com"]
[Date "2020.10.13"]
[Round "9"]
[White "Tenamu"]
[Black "Legendinunknown"]
[Result "0-1"]
[WhiteElo "2394"]
[BlackElo "2613"]
[TimeControl "180+1"]
[EndTime "11:46:01 PDT"]
[Termination "Legendinunknown won by resignation"]

1. d4 d5 2. Nc3 Nf6 3. Bf4 c5 4. e3 cxd4 5. exd4 a6 6. Nce2 Nc6 7. c3 Bg4 8. f3 Bf5 9. g4 Bg6 10. h4 h6 11. Ng3 e6 12. Bd3 Bxd3 13. Qxd3 Bd6 14. N1e2 Qc7 15. Qe3 O-O-O 16. O-O-O Rhe8 17.
Bxd6 Qxd6 18. g5 Ng8 19. f4 g6 20. Rde1 f6 21. gxh6 Nxh6 22. h5 gxh5 23. Rxh5 Ng4 24. Qf3 f5 25. Ng1 Rh8 26. Nh3 Rxh5 27. Nxh5 Rh8 28.
Ng7 Rxh3 29. Qxh3 Qxf4+ 30. Kb1 Qd2 31. Qh8+ Kd7 32. Qe8+ Kc7 33. Qxe6 Qd3+ 34. Ka1 Nf2 35. Ne8+ Kb6 36. Qd6 Qc4 37. Rb1 Ne4 38. Qc7+ Ka7 39. Nd6 Nxd6 40. Qxd6 Qd3 41. a3 Qe4 42. Rf1 Qd3 43.
Qf4 Na5 44. Rf2 Nb3+ 45. Ka2 Qc4 46. Kb1 Qd3+ 47. Ka2 Qd1 48. Rf1 Qc2 49. Qf2 Nd2 50. Re1 Qb3+ 51. Ka1 Nc4 52. Rb1 Nxa3 53. bxa3 Qxa3+ 54.
Qa2 Qxc3+ 55. Rb2 Qc1+ 56. Qb1 Qc6 57. Rb3 f4 58. Qb2 Qa4+ 59. Kb1 Qc6 60. Rf3 Qg6+ 61. Qc2 Qg1+ 62. Ka2 Qxd4 63. Qb3 Qe4 64. Qc3 d4 65. Kb2 dxc3+ 0-1

[Event "*** SCC Grand Prix: Titled Tuesday Blitz"]
[Site "Chess.com"]
[Date "2020.10.13"]
[Round "9"]
[White "KuzubovYuriy"]
[Black "Alexsur1981"]
[Result "1/2-1/2"]
[WhiteElo "2901"]
[BlackElo "2818"]
[TimeControl "180+1"]
[EndTime "11:46:03 PDT"]
[Termination "Game drawn by stalemate"]

1. d4 d5 2. c4 e6 3. Nf3 c6 4.
Nbd2 Nf6 5. e3 Nbd7 6. Bd3 b6 7. b3 Bb7 8. Bb2 Bd6 9. O-O O-O 10. Qc2 h6 11.
Rad1 Rc8 12. e4 dxe4 13. Nxe4 Nxe4 14. Bxe4 Nf6 15. Bd3 c5 16. d5 exd5 17. cxd5 Re8 18. Bb5 Rf8 19. Rfe1 a6 20. Bd3 b5 21. Bf5 Rc7 22.
Ne5 Nxd5 23. Bh7+ Kh8 24. Be4 Bxe5 25. Bxe5 Rd7 26. Qxc5 Nf6 27. Rxd7 Nxd7 28. Bxg7+ Kxg7 29. Qd4+ Nf6 30. Qxd8 Rxd8 31. Bxb7 a5 32. Ba6 b4 33. Bc4 Rd2 34. f3 Kf8 35. Re2 Rxe2 36. Bxe2 Nd5 37.
Kf2 Nc3 38. Ke3 Nxa2 39. Kd4 Nc3 40. Bc4 a4 41. bxa4 Nxa4 42. Bb3 Nc3 43. Kc4 Ne2 44. Kxb4 Nf4 45. g3 Nd3+ 46. Kc3 Ne5 47. Bd5 Kg7 48. Kd4 f6 49. h3 Ng6 50. f4 Ne7 51. Be4 Kf7 52.
Kc5 Ke6 53. Bd3 f5 54. Bc4+ Kf6 55. Kd6 Ng6 56. Bd5 Ne7 57. Bf3 Ng6 58. Bc6 Ne7 59. Be8 Nc8+ 60. Kd5 Ne7+ 61. Kc5 Nc8 62. Bd7 Ne7 63.
Kd6 Ng6 64. Kc5 Ne7 65. Bc6 Ng6 66. Bf3 Ne7 67. Kd6 Nc8+ 68. Kc7 Ne7 69. Kd7 Ng6 70. Ke8 Ke6 71. Bh5 Ne7 72. Kf8 Kf6 73. Bf3 Nc8 74. Kg8 Kg6 75. h4 h5 76. Kf8 Nd6 77. Ke7 Ne4 78.
Ke6 Nxg3 79. Ke5 Kg7 80. Bg2 Kg6 81. Bh3 Ne2 82. Bxf5+ Kg7 83. Be4 Nxf4 84. Kxf4 Kh8 85. Bf3 Kg8 86. Bxh5 Kh8 87. Kg5 Kg8 88. Bg6 Kh8 89.
h5 Kg8 90. h6 Kh8 91. h7 Kg7 92. Kh5 Kh8 93. Kh6 1/2-1/2